 Dungeon Crawl Stone Soup version 0.24-a0-699-g5a66b1aa3b (webtiles) character file.

Game seed: 4847685496014852181, levelgen mode: deterministic

137251 Peloso the Fencer (level 16, -9/147 HPs)
             Began as a Minotaur Fighter on Sept 29, 2019.
             Was an Initiate of Gozag.
             Killed from afar by a fire dragon (36 damage)
             ... with a blast of flame
             ... on level 15 of the Dungeon.
             The game lasted 01:17:40 (28192 turns).

Peloso the Fencer (Minotaur Fighter)               Turns: 28192, Time: 01:17:47

Health: -9/147     AC: 31    Str: 26    XL:     16   Next: 68%
Magic:  25/25      EV: 12    Int:  8    God:    Gozag
Gold:   1315       SH: 16    Dex: 12    Spells: 16/16 levels left

rFire    . . .     SeeInvis .   a - +3 scimitar (flame)
rCold    + + +     Gourm    .   c - +1 shield {reflect}
rNeg     . . .     Faith    .   U - +7 plate armour of Happiness {*Drain rC+ rCorr}
rPois    .         Spirit   .   r - +0 hat {MR+}
rElec    +         Reflect  +   u - scarf {cloud immunity}
rCorr    +         Harm     .   w - +5 pair of gloves of Experimentation {MP+9}
MR       ++...                  v - +0 pair of boots of the Earth {rElec rC+ Int+3}
Stlth    ..........             (no amulet)
HPRegen  0.34/turn              N - ring of protection from cold
MPRegen  0.19/turn              C - ring of resist corrosion

@: gold aura
A: retaliatory headbutt, horns 2
a: Potion Petition, Call Merchant, Bribe Branch, Renounce Religion


You were on level 15 of the Dungeon.
You worshipped Gozag.
Gozag was most pleased with you.
You were very hungry.

You visited 4 branches of the dungeon, and saw 24 of its levels.
You also visited: Trove, Sewer and Ice Cave.

You collected 8860 gold pieces.
You spent 2297 gold pieces at shops.
You paid 5248 gold pieces to Gozag.

Inventory:

Hand Weapons
 a - a +3 scimitar of flaming (weapon)
Armour
 c - a +1 shield of reflection (worn)
 e - a +1 hat
 r - a +0 hat of magic resistance (worn)
 u - a scarf of cloud immunity (worn)
 v - the +0 pair of boots of the Earth (worn) {rElec rC+ Int+3}
   (You found it in a treasure trove)

   It affects your intelligence (+3).
   It protects you from cold.
   It insulates you from electricity.
 w - the +5 pair of gloves of Experimentation (worn) {MP+9}
   (You found it in a treasure trove)

   It affects your magic capacity (+9).
 U - the +7 plate armour of Happiness (worn) {*Drain rC+ rCorr}
   (You bought it in a shop on level 2 of the Lair of Beasts)

   It protects you from cold.
   It provides partial protection from all sources of acid and corrosion.
   It causes draining when unequipped.
Jewellery
 k - an uncursed ring of poison resistance
 p - an uncursed ring of ice
 z - an uncursed ring of flight
 C - a ring of resist corrosion (right hand)
 E - an uncursed ring of stealth {unknown}
 G - a +4 ring of intelligence
 I - a +3 ring of strength
 N - a ring of protection from cold (left hand)
Wands
 d - a wand of enslavement (10)
 R - a wand of random effects (12)
Scrolls
 b - a scroll of enchant armour
 h - 8 scrolls of identify
 m - 4 scrolls of fog
 n - 15 scrolls of teleportation
 t - 5 scrolls of magic mapping
 D - a scroll of summoning {unknown}
 F - 3 scrolls of blinking
 J - 6 scrolls of remove curse
 K - 4 scrolls of fear
 M - 3 scrolls of amnesia
Potions
 i - 2 potions of mutation
 j - 5 potions of flight
 l - 7 potions of haste
 o - a potion of resistance
 q - 4 potions of degeneration
 s - 2 potions of invisibility
 x - 8 potions of curing
 A - a potion of ambrosia
 B - a potion of cancellation
 H - a potion of berserk rage
 O - 6 potions of might
 P - 3 potions of agility
 T - a potion of heal wounds
Miscellaneous
 g - a crystal ball of energy
 y - a box of beasts
Comestibles
 f - 22 rations


   Skills:
 + Level 14.9 Fighting
 + Level 17.4 Long Blades
 + Level 1.3 Throwing
 + Level 13.6 Armour
 + Level 9.3 Dodging
 + Level 4.7 Stealth
 + Level 16.8 Shields
 + Level 1.4 Unarmed Combat
 + Level 0.8 Spellcasting
 + Level 2.2 Evocations


You had 16 spell levels left.
You didn't know any spells.
Your spell library contained the following spells:

 Spells                   Type           Power        Failure   Level  Hunger
 Confusing Touch          Hex            #.....       97%         1    ##.....
 Corona                   Hex            #......      97%         1    ##.....
 Infusion                 Chrm           #...         97%         1    ##.....
 Shroud of Golubria       Chrm/Tloc      #.....       99%         2    ###....
 Slow                     Hex            #.......     99%         2    ###....
 Song of Slaying          Chrm           #.......     99%         2    ###....
 Confuse                  Hex            #.......     100%        3    ####...
 Gell's Gravitas          Tloc           #.........   100%        3    ####...
 Inner Flame              Hex/Fire       #.......     100%        3    ####...
 Portal Projectile        Hex/Tloc       #.....       100%        3    ####...
 Recall                   Summ/Tloc      N/A          100%        3    ####...
 Regeneration             Chrm/Necr      #.........   100%        3    ####...
 Spectral Weapon          Hex/Chrm       #.......     100%        3    ####...
 Animate Dead             Necr           N/A          100%        4    #####..
 Cause Fear               Hex            #.........   100%        4    #####..
 Ice Form                 Ice/Tmut       #.......     100%        4    #####..
 Leda's Liquefaction      Hex/Erth       #.........   100%        4    #####..
 Petrify                  Tmut/Erth      #.......     100%        4    #####..
 Aura of Abjuration       Summ           #.........   100%        5    ######.
 Borgnjor's Vile Clutch   Necr/Erth      #.........   100%        5    ######.
 Metabolic Englaciation   Hex/Ice        #.........   100%        5    ######.
 Summon Demon             Summ           #.........   100%        5    ######.
 Summon Forest            Summ/Tloc      #.........   100%        5    ######.
 Summon Mana Viper        Hex/Summ       #.......     100%        5    ######.
 Yara's Violent Unravell  Hex/Tmut       #.........   100%        5    ######.
 Bolt of Cold             Conj/Ice       #.........   100%        6    #######
 Death Channel            Necr           #.........   100%        6    #######
 Freezing Cloud           Conj/Ice/Air   #.........   100%        6    #######
 Ozocubu's Refrigeration  Ice            #.........   100%        6    #######
 Shadow Creatures         Summ           N/A          100%        6    #######
 Simulacrum               Ice/Necr       #.........   100%        6    #######


Dungeon Overview and Level Annotations

Branches:
Dungeon (15/15)            Temple (1/1) D:4            Lair (6/6) D:10
 Shoals (0/4) Lair:2        Snake (0/4) Lair:4        Slime (0/5) Lair:6
    Orc (2/2) D:9             Elf (0/3) Orc:2        Vaults (0/5) D:13
  Sewer (visited)           IceCv (visited)
 Depths: D:15

Altars:
Ashenzari
Cheibriados
Dithmenos
Elyvilon
Fedhas
Gozag
Hepliaklqana
Kikubaaqudgha
Makhleb
Nemelex Xobeh
Okawaru
Qazlal
Ru
Sif Muna
Trog
Uskayaw
Vehumet
Wu Jian
Xom
Yredelemnul
Zin
The Shining One
Beogh
Jiyva

Shops:
D:14 *   Orc:2 }!(!   Lair:2 (**=}

Annotations:
D:11 4 runed translucent doors, domsik's ghost, journeyman HuFi


Innate Abilities, Weirdness & Mutations

You reflexively headbutt those who attack you in melee.
You have a pair of horns on your head.


Message History

The death knight is almost dead.
You closely miss the death knight.
The death knight is almost dead.
You hear some strange, mumbled words.
The death knight misses you.
You hit the death knight. You burn the death knight.
You headbutt the death knight.
You kill the death knight!
The death knight's corpse dissolves into shadows!
Your damage is reflected back at you!
* * * LOW HITPOINT WARNING * * *
You miss something.
Something hits you but does no damage. x2
You hear some strange, mumbled words.
The fire dragon breathes flames at you.
The blast of flame hits something!!!
Reactivating autopickup.
The centaur warrior zombie dissolves into shadows!
The fire dragon dissolves into shadows!
The blast of flame hits you!!!
You die...
Your body crumbles into a pile of gold.

#..####.. #### #.# #.
########..## ..... (.#####..
...........# ...# #.. .....
########...# ##.## #.##...≈#
#...######...#####.#...PP#
#.......<......<..<..≈P≈≈≈
#.....#####...####.....≈≈≈≈
#.......#####.###......≈≈≈≈≈
#...........@.$......≈P≈P≈≈≈#
##.......#####.###...≈≈≈≈≈≈..
##.....## #.......≈≈≈≈≈≈≈.
### #....## ##....≈≈≈≈PP.≈..
... ....# #W[.P≈≈≈≈≈≈.... ###
.. #...P≈P≈≈≈..... # .
#...≈≈≈≈P≈≈(### ##
#$.≈P≈≈≈≈.P.. . #z..≈≈≈≈≈≈..


There were no monsters in sight!

Vanquished Creatures
  A frost giant (IceCv)
  An ironheart preserver (D:13)
  Nessos (Orc:2)
  An ettin (Orc:1)
  A fire dragon (D:15)
  3 hydras
  A centaur warrior (D:14)
  3 ogre magi (Orc:2)
  Erica (D:9)
  13 two-headed ogres
  3 catoblepae (Lair:5)
  A tengu warrior (D:15)
  8 death yaks
  Urug (Lair:6)
  A fire crab (Lair:6)
  3 unseen horrors
  An orb spider (shapeshifter) (D:15)
  Pikel (D:6)
  4 oklob plants (Lair:5)
  A wolf spider (Lair:6)
  11 ugly things
  4 deep elf magi
  A cyclops (D:14)
  8 orc sorcerers
  A guardian serpent (Lair:6)
  Joseph (D:8)
  6 black mambas
  6 elephants (Lair:2)
  2 centaur zombies
  A gargoyle (D:8)
  15 spiny frogs
  A torpor snail (Lair:6)
  An ice statue (IceCv)
  3 rime drakes
  5 komodo dragons
  A tengu conjurer (D:15)
  14 polar bears (IceCv)
  A merfolk (Lair:2)
  Grinder (D:6)
  4 trolls
  4 hornets
  19 blink frogs
  7 slime creatures
  Prince Ribbit (D:6)
  11 dream sheep
  9 hippogriffs
  3 redbacks (Lair:6)
  A spriggan (D:9)
  A shadow (D:12)
  A water elemental (D:15)
  14 wyverns
  A vampire (D:14)
  Sigmund (D:6)
  A wraith (D:12)
  54 yaks
  8 basilisks
  A vampire mosquito (D:12)
  Eustachio (D:5)
  A steam dragon (D:14)
  A hungry ghost (D:15)
  Edmund (D:6)
  4 nagas (Lair:4)
  3 wargs
  13 water moccasins
  An acid dragon (D:12)
  6 porcupines
  6 sky beasts
  4 eyes of draining
  13 orc warriors
  3 ice beasts
  A black bear (D:8)
  2 necrophages
  27 wolves
  13 centaurs
  7 ogres
  A boggart (D:15)
  8 crocodiles
  2 big kobolds (D:8)
  18 bullfrogs
  2 gnoll sergeants
  A water moccasin zombie (D:10)
  3 scorpions
  6 killer bees (D:7)
  6 howler monkeys
  3 electric eels
  3 bullfrog zombies
  11 crimson imps
  10 orc priests
  Crazy Yiuf (D:5)
  5 hounds
  8 jellies
  29 orc wizards
  3 centaur skeletons
  4 iguanas
  Terence (D:3)
  15 worker ants
  A hound zombie (D:8)
  A hound skeleton (D:4)
  2 worker ant zombies (D:8)
  10 adders
  9 gnolls
  4 shadow imps
  19 oozes
  An adder zombie (D:9)
  7 worms
  4 dart slugs
  13 leopard geckos
  69 orcs
  3 ball pythons
  6 giant cockroaches
  9 goblins
  11 hobgoblins
  14 jackals
  3 quokkas
  11 bats
  5 frilled lizards
  16 kobolds
  A quokka skeleton (D:7)
  12 rats
  A butterfly (Lair:5)
  3 fungi
  A plant (Lair:2)
757 creatures vanquished.

Vanquished Creatures (others)
  A centaur warrior (D:13)
  A black mamba (Lair:6)
  A troll (D:13)
  2 polar bears (IceCv)
  A slave (D:6)
  A boggart (D:15)
  2 centaurs (D:13)
  A hound (D:13)
  An orc wizard (Orc:2)
  A worker ant zombie (D:6)
  2 orcs
  15 fungi
  41 plants
70 creatures vanquished.

Grand Total: 827 creatures vanquished

Notes
Turn   | Place    | Note
-------+----------+-------------------------------------------
     0 | D:1      | Peloso the Minotaur Fighter began the quest for the Orb.
     0 | D:1      | Reached XP level 1. HP: 19/19 MP: 0/0
    99 | D:1      | Reached XP level 2. HP: 27/27 MP: 1/1
   191 | D:1      | Reached skill level 3 in Long Blades
   320 | D:1      | Reached XP level 3. HP: 30/33 MP: 2/2
   725 | D:2      | Reached skill level 1 in Dodging
   751 | D:2      | Reached XP level 4. HP: 40/40 MP: 3/3
  1166 | D:2      | Reached skill level 4 in Long Blades
  1386 | D:3      | Found a glowing drain.
  1390 | Sewer    | Entered a sewer
  1437 | Sewer    | Reached XP level 5. HP: 46/46 MP: 4/4
  2241 | D:3      | Reached skill level 5 in Long Blades
  2324 | D:3      | Noticed Terence
  2339 | D:3      | Killed Terence
  2441 | D:3      | Reached skill level 5 in Shields
  2441 | D:3      | Reached XP level 6. HP: 50/52 MP: 5/5
  2672 | D:4      | Found a radiant altar of Vehumet.
  2702 | D:4      | Found a shimmering blue altar of Sif Muna.
  3002 | D:4      | Found a staircase to the Ecumenical Temple.
  3068 | Temple   | Entered the Ecumenical Temple
  3201 | Temple   | Became a worshipper of Gozag Ym Sagoz the Greedy
  3313 | D:5      | Entered Level 5 of the Dungeon
  3313 | D:5      | Noticed a sky beast
  3317 | D:5      | Killed a sky beast
  3317 | D:5      | Reached skill level 6 in Long Blades
  3408 | D:6      | Noticed Pikel
  3408 | D:6      | Noticed a slave
  3408 | D:6      | Noticed a slave
  3423 | D:6      | Noticed a slave
  3426 | D:6      | Killed Pikel
  3426 | D:6      | Reached skill level 7 in Long Blades
  3426 | D:6      | Reached skill level 5 in Armour
  3426 | D:6      | Reached XP level 7. HP: 52/60 MP: 6/6
  3439 | D:6      | Reached XP level 8. HP: 38/67 MP: 7/7
  3474 | D:6      | Reached skill level 8 in Long Blades
  3700 | D:6      | Noticed Sigmund
  3700 | D:6      | Noticed Grinder
  3706 | D:6      | Killed Sigmund
  3706 | D:6      | Reached skill level 5 in Fighting
  3716 | D:6      | Paralysed by Grinder for 4 turns
  3720 | D:6      | Killed Grinder
  3751 | D:6      | Reached skill level 9 in Long Blades
  3916 | D:6      | Found a stormy altar of Qazlal.
  4057 | D:6      | Noticed Edmund
  4075 | D:6      | Killed Edmund
  4110 | D:6      | Noticed Prince Ribbit
  4133 | D:6      | Killed Prince Ribbit
  4133 | D:6      | Reached XP level 9. HP: 24/75 MP: 8/8
  4640 | D:7      | Reached skill level 10 in Long Blades
  4660 | D:7      | Found a shattered altar of Ashenzari.
  4842 | D:7      | Identified the +1 leather armour "Opinomnu" {rC+ MR- Regen+
                  | SInv}
  4917 | D:7      | Found a glowing golden altar of the Shining One.
  5153 | D:5      | Noticed Eustachio
  5165 | D:5      | Killed Eustachio
  5296 | D:5      | Reached skill level 5 in Dodging
  5362 | D:5      | Found a runed translucent door.
  5363 | D:5      | Noticed Crazy Yiuf
  5407 | D:5      | Found an ornate altar of the Wu Jian Council.
  5507 | D:5      | Killed Crazy Yiuf
  5831 | D:8      | Noticed a two-headed ogre
  5842 | D:8      | Killed a two-headed ogre
  5842 | D:8      | Reached skill level 11 in Long Blades
  5842 | D:8      | Reached XP level 10. HP: 33/86 MP: 9/9
  6288 | D:8      | Noticed a deep elf mage
  6320 | D:8      | Killed an unseen horror
  6348 | D:8      | Killed a deep elf mage
  6348 | D:8      | Reached skill level 1 in Stealth
  6525 | D:8      | Noticed a gargoyle
  6546 | D:8      | Killed a gargoyle
  6560 | D:8      | Reached skill level 12 in Long Blades
  6792 | D:8      | Noticed Joseph
  6814 | D:8      | Killed Joseph
  6862 | D:8      | Killed an unseen horror
  7435 | D:9      | Noticed Erica
  7632 | D:9      | Killed Erica
  7652 | D:9      | Noticed a two-headed ogre
  7940 | D:9      | Killed a two-headed ogre
  7940 | D:9      | Reached XP level 11. HP: 89/95 MP: 10/10
  8030 | D:9      | Reached skill level 10 in Shields
  8067 | D:9      | Found a staircase to the Orcish Mines.
  8079 | D:9      | Found a shimmering altar of Xom.
  8080 | D:9      | Found a hazy altar of Hepliaklqana.
  8120 | D:9      | Noticed a two-headed ogre
  8127 | D:9      | Killed a two-headed ogre
  8127 | D:9      | Reached skill level 13 in Long Blades
  8388 | D:10     | Entered Level 10 of the Dungeon
  8411 | D:10     | Noticed a two-headed ogre
  8413 | D:10     | Found a staircase to the Lair.
  8429 | D:9      | Killed a two-headed ogre
  8726 | D:10     | Got a warped ring mail
  8737 | D:10     | Identified the cursed +1 ring mail "Xohip" {Dex+3} (You
                  | found it on level 10 of the Dungeon)
  8927 | D:10     | Noticed a two-headed ogre
  8938 | D:10     | Killed a two-headed ogre
  8966 | D:10     | Noticed a two-headed ogre
  8975 | D:10     | Killed a two-headed ogre
  9387 | D:11     | Noticed a red ugly thing
  9397 | D:11     | Killed a red ugly thing
  9591 | D:11     | Found a runed translucent door.
  9591 | D:11     | Noticed a flayed ghost
  9591 | D:11     | Noticed an ettin
  9591 | D:11     | Noticed a death drake
  9591 | D:11     | Noticed a lindwurm
  9591 | D:11     | a death drake changed into a lindwurm
  9593 | D:11     | Noticed a fire giant
  9593 | D:11     | Noticed a hell knight
  9593 | D:11     | Noticed a yaktaur captain
  9593 | D:11     | Noticed a flayed ghost
  9593 | D:11     | Noticed a fire giant
  9664 | D:11     | Noticed a minotaur
  9664 | D:11     | Noticed domsik's ghost (journeyman HuFi)
  9665 | D:11     | Noticed a green ugly thing
  9684 | D:11     | Found a runed translucent gate.
  9684 | D:11     | Found a runed translucent gate.
  9684 | D:11     | Found a runed translucent gate.
  9826 | D:11     | Reached skill level 10 in Fighting
  9880 | D:11     | Reached skill level 14 in Long Blades
 10116 | D:11     | Noticed a purple ugly thing
 10122 | D:11     | Killed a purple ugly thing
 10122 | D:11     | Reached XP level 12. HP: 106/106 MP: 11/11
 10644 | Lair:1   | Entered Level 1 of the Lair of Beasts
 10819 | Lair:1   | Found a frozen archway.
 10965 | IceCv    | Entered an ice cave
 11190 | IceCv    | Noticed a death yak
 11190 | IceCv    | Noticed a death yak
 11204 | IceCv    | Killed a death yak
 11232 | IceCv    | Killed a death yak
 11586 | IceCv    | Reached skill level 15 in Long Blades
 11672 | IceCv    | Noticed a death yak
 11672 | IceCv    | Noticed a frost giant
 11693 | IceCv    | Killed a death yak
 11703 | IceCv    | Killed a frost giant
 11703 | IceCv    | Reached XP level 13. HP: 57/116 MP: 12/12
 11741 | IceCv    | Reached skill level 10 in Armour
 12191 | IceCv    | Got a steaming spear
 12766 | Lair:1   | Got a translucent chain mail
 12777 | Lair:1   | Identified the cursed +1 chain mail of the Soldier {rF+
                  | Dex+3} (You found it on level 1 of the Lair of Beasts)
 13786 | D:12     | Identified the cursed +3 spear of Suicidal Tendencies
                  | {elec, MR+} (You found it in an ice cave)
 14002 | D:12     | Found a portal to a secret trove of treasure.
 15519 | Lair:2   | Found a staircase to the Shoals.
 15933 | Lair:3   | Reached skill level 1 in Evocations
 16034 | Lair:3   | Reached skill level 16 in Long Blades
 16587 | Lair:2   | Bought a wand of digging (3) for 184 gold pieces
 16677 | Lair:2   | Bought a translucent scimitar for 207 gold pieces
 16678 | Lair:2   | Identified the cursed +2 scimitar "Wypoumn" {venom, +Rage
                  | rPois Str-4 Dex+5} (You bought it in a shop on level 2 of
                  | the Lair of Beasts)
 16680 | Lair:2   | Bought a faintly glowing chain mail for 218 gold pieces
 16692 | Lair:2   | Identified the cursed +1 chain mail "Masal" {rC+++ Str+8
                  | Dex-2 Slay-6} (You bought it in a shop on level 2 of the
                  | Lair of Beasts)
 16734 | Lair:2   | Bought 2 fuming grey potions for 41 gold pieces
 16961 | Lair:4   | Reached XP level 14. HP: 117/127 MP: 14/14
 17035 | Lair:4   | Found a staircase to the Snake Pit.
 18853 | D:12     | You paid a toll of 4 potions of resistance to enter a
                  | treasure trove
 18854 | Trove    | Entered a treasure trove
 18890 | Trove    | Got a pair of encrusted boots
 18901 | Trove    | Identified the +0 pair of boots of the Earth {rElec rC+
                  | Int+3} (You found it in a treasure trove)
 18902 | Trove    | Got a pair of brightly glowing gloves
 18913 | Trove    | Identified the +5 pair of gloves of Experimentation {MP+9}
                  | (You found it in a treasure trove)
 18921 | Trove    | Got a heavily runed chain mail
 18932 | Trove    | Identified the +2 chain mail of Heikkuo {Dex+6} (You found
                  | it in a treasure trove)
 18966 | Trove    | Got a distressingly furry leather armour
 18977 | Trove    | Identified the +3 leather armour "Itez" {MR++} (You found
                  | it in a treasure trove)
 20604 | Lair:6   | Entered Level 6 of the Lair of Beasts
 21795 | Lair:6   | Reached skill level 15 in Shields
 21858 | Lair:6   | Noticed Urug
 21867 | Lair:6   | Killed Urug
 22786 | Lair:6   | Found a staircase to the Slime Pits.
 22786 | Lair:6   | Found a viscous altar of Jiyva.
 23708 | D:13     | Reached XP level 15. HP: 138/138 MP: 15/15
 23891 | D:13     | Found a gate to the Vaults.
 24585 | Orc:1    | Entered Level 1 of the Orcish Mines
 24685 | Orc:1    | Reached skill level 17 in Long Blades
 24913 | Lair:2   | Bought a slimy plate armour for 756 gold pieces
 24927 | Lair:2   | Identified the cursed +0 plate armour of Wrong Decisions
                  | {+Inv rPois Dex-5 Stlth+} (You bought it in a shop on level
                  | 2 of the Lair of Beasts)
 25042 | Orc:2    | Entered Level 2 of the Orcish Mines
 25228 | Orc:2    | Found a staircase to the Elven Halls.
 25230 | Orc:2    | Noticed Nessos
 25253 | Orc:2    | Killed Nessos
 25481 | Orc:2    | Found Ifuptoit's Distillery.
 25555 | Orc:2    | Found a radiant altar of Vehumet.
 25576 | Orc:2    | Found Udeum's Antique Weapon Boutique.
 25627 | Orc:2    | Found an ancient bone altar of Kikubaaqudgha.
 25689 | Orc:2    | Found Emuqah's Gadget Shop.
 25730 | Orc:2    | Found a roughly hewn altar of Beogh.
 25730 | Orc:2    | Found Ijafegha's Distillery.
 26020 | Orc:2    | Bought a potion of might for 60 gold pieces
 26020 | Orc:2    | Bought a potion of heal wounds for 75 gold pieces
 26332 | Lair:2   | Bought a jewelled plate armour for 756 gold pieces
 26346 | Lair:2   | Identified the +7 plate armour of Happiness {*Drain rC+
                  | rCorr} (You bought it in a shop on level 2 of the Lair of
                  | Beasts)
 26985 | D:14     | Found Huuhixt's General Store.
 27699 | D:15     | Entered Level 15 of the Dungeon
 27974 | D:15     | Reached skill level 1 in Throwing
 27974 | D:15     | Reached skill level 1 in Unarmed Combat
 27974 | D:15     | Reached XP level 16. HP: 119/147 MP: 16/16
 28192 | D:15     | Killed from afar by a fire dragon

Levels and vault maps discovered:
D:1:      lightli_arrival_boilingwater, layout_basic, minmay_statues_item
D:2:      layout_basic
D:3:      layout_rooms, gup_sewer_entry_bowl, uniq_terence
D:4:      layout_basic, kennysheep_mini_moat, minmay_temple_entry_antechambers,
          first_ration, vehumet_altar_wand_db
D:5:      layout_rooms, lemuel_round_altar, uniq_eustachio,
          uniq_crazy_yiuf_cottage
D:6:      layout_loops_cross, grunt_qazlal_clouds, uniq_prince_ribbit1,
          uniq_pikel, uniq_grinder, uniq_sigmund, uniq_edmund
D:7:      layout_rooms, nicolae_ashenzari_panopticon, solitary_fountain,
          tso_altar
D:8:      hangedman_cross_veins, layout_loops_ring, uniq_joseph
D:9:      layout_big_octagon, regret_index_temple_of_mockery, the_bakery,
          uniq_erica
D:10:     layout_gridville, erik_lair_orcish_takeover
D:11:     minmay_gate_of_8, layout_basic, maelrawn_ghost_gauntlet_escape
D:12:     lemuel_slime, layout_loops_ring, enter_trove_1,
          kennysheep_cluttered_room, minmay_diced_spiral
D:13:     layout_stronghold, skrybe_vaults_entry_preservation,
          minmay_misc_feat_alley
D:14:     layout_long_grid, dk_noncrumbling_2, serial_shops, shop_fountains
D:15:     grunt_enter_depths_hoard, layout_loops_ring, chequers_big_river
Temple:   nicolae_temple_elliptical
Lair:1:   layout_chaotic_city, portal_ice_cave_rime, grunt_megastairs_4
Lair:2:   layout_gridlike, elwin_shoals_entry_rooms
Lair:3:   layout_roguey
Lair:4:   layout_loops_ring, minmay_snake_entry_guardpost_small,
          serial_bayou_lake_a
Lair:5:   beast_lair_carwin_large_3, layout_regular_city,
          small_statue_intersection, minmay_lair_oklob_chamber,
          serial_bayou_shore_a, lemuel_fruit_fields
Lair:6:   hangedman_lair_tendril_chambers, layout_cave_pods, slime_altar_1,
          uniq_urug
Orc:1:    layout_caves
Orc:2:    kennysheep_orc_mage_school, layout_diamond_mine, uniq_nessos

Skill      XL: |  1  2  3  4  5  6  7  8  9 10 11 12 13 14 15 |
---------------+----------------------------------------------+-----
Armour         | 4 5 6 7 8 9 11 12 13 | 13.6
Shields        | 4 5 6 8 9 11 12 14 15 16 | 16.8
Long Blades    | 3 4 5 7 9 11 12 14 15 16 17 | 17.4
Dodging        | 1 2 3 4 5 6 7 8 9 |  9.3
Fighting       | 4 5 7 8 10 11 12 14 | 14.9
Stealth        | 1 2 3 4 |  4.7
Evocations     | 1 2 |  2.2
Throwing       | 1 |  1.3
Unarmed Combat | 1 |  1.4
Spellcasting   | |  0.8

Action                   |  1- 3 |  4- 6 |  7- 9 | 10-12 | 13-15 | 16-18 || total
-------------------------+-------+-------+-------+-------+-------+-------++-------
Melee: Long sword        |    91 |   231 |   243 |   191 |       |       ||   756
       Headbutt          |     5 |    35 |    54 |   196 |   393 |    13 ||   696
       Scimitar          |       |       |       |   497 |  1341 |    66 ||  1904
Invok: Call Merchant     |       |       |       |       |     5 |       ||     5
Evoke: Wand              |       |       |     2 |       |     7 |       ||     9
  Use: Potion            |     1 |     3 |     3 |     1 |     5 |       ||    13
       Scroll            |       |     4 |     4 |    17 |     7 |       ||    32
 Stab: Distracted        |       |       |       |     9 |    11 |       ||    20
  Eat: Chunk             |       |     4 |       |       |       |       ||     4
       Ration            |       |     1 |     3 |     5 |    16 |       ||    25
Armor: Scale mail        |    14 |       |       |       |       |       ||    14
       Quicksilver drago |    25 |   115 |    78 |   108 |       |       ||   326
       Chain mail        |       |       |       |    92 |   273 |       ||   365
       Plate armour      |       |       |       |       |   100 |    17 ||   117
Dodge: Dodged            |    42 |    87 |    77 |   192 |   379 |     9 ||   786
Block: Shield            |    52 |   145 |   131 |   347 |   861 |    35 ||  1571
       Reflection        |       |       |       |       |    46 |       ||    46
       Rpst.: Long sword |    12 |    26 |    20 |     7 |       |       ||    65
       Scimitar          |       |       |       |    42 |    79 |     4 ||   125

Table legend:
 A = Non-vault XP
 B = Vault XP
 C = Vault XP percentage of total XP
 D = Non-vault monster count
 E = Vault monster count
 F = Vault count percentage of total count
                 A         B        C        D         E       F
            +---------+---------+-------+---------+---------+-------
      Total |   81798 |   55939 |  40.6 |     515 |     245 |  32.2
            +---------+---------+-------+---------+---------+-------
        D:1 |      66 |       0 |   0.0 |      35 |       0 |   0.0
        D:2 |      84 |       0 |   0.0 |      24 |       0 |   0.0
        D:3 |     159 |      43 |  21.3 |      23 |       5 |  17.9
        D:4 |      83 |       2 |   2.4 |       9 |       1 |  10.0
        D:5 |     273 |     228 |  45.5 |       8 |       2 |  20.0
        D:6 |     591 |    1524 |  72.1 |      18 |       5 |  21.7
        D:7 |    1074 |       0 |   0.0 |      20 |       0 |   0.0
        D:8 |    1563 |    4115 |  72.5 |      25 |      19 |  43.2
        D:9 |    3834 |    1487 |  27.9 |      22 |       4 |  15.4
       D:10 |    3324 |     371 |  10.0 |      39 |       8 |  17.0
       D:11 |    5246 |       0 |   0.0 |      35 |       0 |   0.0
       D:12 |    6567 |    1031 |  13.6 |      32 |      26 |  44.8
       D:13 |    5832 |    4636 |  44.3 |      25 |       9 |  26.5
       D:14 |    3806 |       0 |   0.0 |      10 |       0 |   0.0
       D:15 |    9418 |       0 |   0.0 |      24 |       0 |   0.0
     Lair:1 |    7579 |    1155 |  13.2 |      36 |       3 |   7.7
     Lair:2 |    5166 |     305 |   5.6 |      16 |       1 |   5.9
     Lair:3 |    6834 |       0 |   0.0 |      21 |       0 |   0.0
     Lair:4 |    5596 |     652 |  10.4 |      24 |       4 |  14.3
     Lair:5 |    1771 |    8038 |  81.9 |       6 |      18 |  75.0
     Lair:6 |    7987 |   10760 |  57.4 |      29 |      37 |  56.1
      Orc:1 |    3924 |       0 |   0.0 |      24 |       0 |   0.0
      Orc:2 |    1021 |    8630 |  89.4 |      10 |      35 |  77.8
      Sewer |       0 |      65 | 100.0 |       0 |      23 | 100.0
      IceCv |       0 |   12897 | 100.0 |       0 |      45 | 100.0
            +---------+---------+-------+---------+---------+-------
